[Event "*** SCC Grand Prix: Titled Tuesday Blitz"]
[Site "Chess.com"]
[Date "2020.06.02"]
[Round "7"]
[White "yonaltimur"]
[Black "Mimsychess"]
[Result "0-1"]
[WhiteElo "1562"]
[BlackElo "2258"]
[TimeControl "180+1"]
[EndTime "11:21:44 PDT"]
[Termination "Mimsychess won by checkmate"]

1. e4 e5 2. Nf3 Nc6 3. Bb5 a6 4.
Ba4 Nf6 5. d3 Bc5 6. c3 b5 7. Bb3 O-O 8. O-O d6 9. a4 Rb8 10. Nbd2 h6 11. Re1 Kh8 12. Nf1 Be6 13.
Bxe6 fxe6 14. Ne3 Qd7 15. h3 Rf7 16. Qc2 Rbf8 17. b4 Bb6 18. a5 Ba7 19. Qe2 Nh5 20. Nf1 Nf4 21. Bxf4 Rxf4 22. Ng3 Qf7 23. Rad1 Rxf3 24. gxf3 Qxf3 25. Qxf3 Rxf3 26. Nh1 Rxh3 27. Kg2 Rh4 28. Ng3 Rf4 29. f3 Ne7 30. Rh1 Ng6 31. d4 exd4 32. cxd4 Nh4+ 33. Kf2 Rxf3+ 34. Ke2 Rf4 35. Rhf1 Rg4 36. Nh1 Rxe4+ 37. Kf2 Bxd4+ 38.
Kg3 Nf5+ 39. Kh3 Ne3 40. Rfe1 e5 41. Nf2 Rf4 42. Nd3 Rf3+ 43. Kh2 e4 44. Nc1 Be5+ 45.
Kg1 Nxd1 46. Rxd1 h5 47. Kg2 h4 48. Kh1 h3 49. Kg1 g5 50. Kh1 g4 51. Kg1 g3 52. Kh1 Bf4 53. Kg1 Be3+ 54. Kh1 g2+ 55.
Kh2 Rf1 56. Rxf1 gxf1=Q 57. Ne2 Qg2# 0-1

[Event "*** SCC Grand Prix: Titled Tuesday Blitz"]
[Site "Chess.com"]
[Date "2020.06.02"]
[Round "7"]
[White "kingnb"]
[Black "Msb2"]
[Result "0-1"]
[WhiteElo "2575"]
[BlackElo "2848"]
[TimeControl "180+1"]
[EndTime "11:21:45 PDT"]
[Termination "Msb2 won on time"]

1. e4 e6 2. d4 d5 3. Nd2 c5 4. exd5 Qxd5 5. Ngf3 cxd4 6. Bc4 Qd7 7. O-O Nc6 8. Nb3 a6 9. Nbxd4 Nxd4 10. Qxd4 Qxd4 11. Nxd4 Nf6 12. c3 b5 13. Be2 Bb7 14. Bf3 Bxf3 15. Nxf3 Be7 16. Rd1 O-O 17. Bg5 Rfc8 18. Kf1 h6 19.
Bxf6 Bxf6 20. a3 a5 21. Rd2 Rab8 22. Rad1 b4 23. cxb4 axb4 24. axb4 Rxb4 25. Rb1 Rcb8 26. Ne1 Rxb2 27. Rdxb2 Rxb2 28. Rxb2 Bxb2 29. Ke2 Kf8 30. Nc2 Ke7 31. Kd3 Kd6 32. Ne3 Kc5 33. Nc2 h5 34.
Ne1 Bd4 35. Ke2 Kd5 36. Nf3 e5 37. Nd2 f5 38. f3 Bg1 39. Nf1 g6 40. Kd3 h4 41. h3 Bb6 42. Nd2 Bd8 43. Nb1 Ba5 44.
Na3 Bb4 45. Nc2 Bc5 46. Na1 Ke6 47. Nb3 Bb6 48. Nd2 Kf6 49. Kc4 Kg5 50. Kd3 Kf4 51.
Nf1 Ba5 52. Ke2 Bb6 53. Kd3 Bc5 54. Ke2 Ba3 55. Kd3 e4+ 56. fxe4 fxe4+ 57. Ke2 Bc5 58. Kd1 Bd6 59. Ke2 Be5 60. Kd1 Kf5 61. Ke2 Bf4 62.
Kd1 Ke5 63. Ke2 Kd4 64. Kd1 Kd3 65. Ke1 Bg3+ 0-1

[Event "*** SCC Grand Prix: Titled Tuesday Blitz"]
[Site "Chess.com"]
[Date "2020.06.02"]
[Round "7"]
[White "chargemax23"]
[Black "Smile2005"]
[Result "1-0"]
[WhiteElo "2588"]
[BlackElo "2407"]
[TimeControl "180+1"]
[EndTime "11:21:45 PDT"]
[Termination "chargemax23 won by checkmate"]

1. c4 g6 2. Nc3 Bg7 3. d4 Nf6 4. Nf3 O-O 5. g3 d6 6. Bg2 Nc6 7. O-O e5 8. h3 h6 9. Be3 Bd7 10. Qd2 Kh7 11. Rfd1 exd4 12. Nxd4 Nxd4 13. Bxd4 Bc6 14.
e4 Re8 15. Re1 Nd7 16. Rad1 Ne5 17. b3 a5 18. f4 Nd7 19. Bxg7 Kxg7 20. e5 Bxg2 21.
Kxg2 Nc5 22. exd6 Rxe1 23. Qxe1 cxd6 24. Nd5 f5 25. Qc3+ Kf7 26. Re1 Ne4 27. Qd4 a4 28. b4 Qh8 29. Rd1 Qxd4 30. Rxd4 Rc8 31. g4 b5 32.
gxf5 gxf5 33. Ne3 Ke6 34. cxb5 Rb8 35. a3 Rxb5 36. Kf3 Rb8 37. Nxf5 Kxf5 38. Rxe4 Rc8 39. Re3 Rc2 40. Rd3 Rb2 41. Rd5+ Ke6 42. Rh5 Rb3+ 43. Kg4 Rxa3 44. Rxh6+ Kd5 45. Rh8 Rb3 46. Ra8 Rxb4 47. Kg5 Rb3 48. h4 a3 49. h5 Ke6 50. f5+ Kf7 51.
Ra7+ Kg8 52. h6 Rh3 53. Kg6 Rg3+ 54. Kf6 Rh3 55. Ke6 Rxh6+ 56. f6 d5 57. Rxa3 d4 58.
Ke7 Rh7+ 59. Ke8 Rf7 60. Rg3+ Kh7 61. Kxf7 d3 62. Rh3# 1-0

[Event "*** SCC Grand Prix: Titled Tuesday Blitz"]
[Site "Chess.com"]
[Date "2020.06.02"]
[Round "7"]
[White "dolynachess"]
[Black "Konovalova_Vera"]
[Result "1-0"]
[WhiteElo "2340"]
[BlackElo "2144"]
[TimeControl "180+1"]
[EndTime "11:21:45 PDT"]
[Termination "dolynachess won on time"]

1. d4 Nf6 2. c4 e6 3. g3 Bb4+ 4. Nd2 c5 5. Nf3 O-O 6. Bg2 Nc6 7. a3 Bxd2+ 8. Qxd2 cxd4 9. Nxd4 Nxd4 10. Qxd4 d5 11.
O-O dxc4 12. Qxc4 Bd7 13. Bxb7 Rb8 14. Bf3 Bb5 15. Qh4 Qb6 16. Be3 Qa6 17. Rfe1 Nd5 18. Bd4 Rfc8 19. e4 Nc7 20. Qg5 Ne8 21. Rac1 f6 22. Qe3 e5 23. Bxa7 Rxc1 24. Rxc1 Rd8 25. Qb6 Qxb6 26. Bxb6 Rd2 27. b3 Rd3 28. Be2 Rxb3 29. Bxb5 Rxb5 30. Bc5 Kf7 31. Bb4 Rb7 32. Rc6 Nc7 33. Kg2 Nb5 34. h4 Nd4 35. Rc3 Ra7 36.
Rd3 Nb5 37. Kf3 Nd4+ 38. Kg4 Nc2 39. Rb3 Rb7 40. Rb2 Nd4 41. Bc3 Rxb2 42. Bxb2 Nc6 43.
Kf3 Ke6 44. Ke3 Na5 45. Kd3 Kd6 46. Bc3 Nb3 47. Kc4 Nc1 48. a4 Kc6 49. a5 g6 50. f4 exf4 51. gxf4 f5 52. e5 Ne2 53. Bd2 Ng3 54. a6 Kb6 55. e6 Ne4 56. Be3+ Kxa6 57. e7 Kb7 58. Kd5 Kc7 59. Ke6 Nd6 60. Bc5 Ne8 61.
Kf7 Kd7 62. Kf8 Nc7 63. Ba3 Ne8 64. Bb2 Nd6 65. Be5 Ne8 66. Kf7 1-0

[Event "*** SCC Grand Prix: Titled Tuesday Blitz"]
[Site "Chess.com"]
[Date "2020.06.02"]
[Round "7"]
[White "SergeyKarjakin"]
[Black "wonderfultime"]
[Result "1-0"]
[WhiteElo "2963"]
[BlackElo "2987"]
[TimeControl "180+1"]
[EndTime "11:21:49 PDT"]
[Termination "SergeyKarjakin won by resignation"]

1. e4 c5 2. Nf3 Nf6 3. e5 Nd5 4. Nc3 e6 5. Nxd5 exd5 6. d4 Nc6 7. dxc5 Bxc5 8. Qxd5 d6 9. exd6 Qb6 10. Qe4+ Be6 11. Bc4 Bxf2+ 12. Ke2 O-O 13. Bxe6 fxe6 14. Rd1 Bc5 15. c3 Rad8 16. b4 Bxd6 17. Be3 Qb5+ 18. c4 Qf5 19. Qxf5 exf5 20. b5 Na5 21. c5 Be7 22. Rxd8 Rxd8 23. Rc1 Bf6 24. Bd2 Re8+ 25. Kd3 Rd8+ 26. Ke3 b6 27. c6 Kf7 28. Bxa5 bxa5 29. a4 Ke6 30. Rc2 g5 31. Nd2 Bd4+ 32. Ke2 Bb6 33.
Nc4 f4 34. Nxb6 axb6 35. Rd2 Re8 36. Kf3 Kf5 37. Rd5+ Kf6 38. Kg4 Re2 39. c7 Rxg2+ 40. Kf3 Rc2 41. Rd6+ Kf5 42. Rd5+ Kf6 43. h4 Rxc7 44.
hxg5+ Ke6 45. Rd4 Ke5 46. Rxf4 Rc3+ 47. Kg4 Rb3 48. Rf5+ Ke4 49. Rf7 Rb4 50. Rxh7 Ke5+ 51. Kh5 Rxa4 52. Rb7 Ra1 53. g6 Kd5 54. Rxb6 Kc5 55. Rb8 Rh1+ 56. Kg5 Rg1+ 57. Kf6 a4 58.
g7 Rf1+ 59. Ke5 Re1+ 60. Kf4 Rg1 61. g8=Q Rxg8 62. Rxg8 Kxb5 63. Ke3 Kb4 64. Kd2 Kb3 65. Kc1 Ka2 66. Rg2+ Ka1 67. Kc2 Ka2 68. Rf2 a3 69. Kc3+ Kb1 70. Kb3 1-0

[Event "*** SCC Grand Prix: Titled Tuesday Blitz"]
[Site "Chess.com"]
[Date "2020.06.02"]
[Round "7"]
[White "GM_Buhmann"]
[Black "valeriocarnicelli"]
[Result "1/2-1/2"]
[WhiteElo "2815"]
[BlackElo "2607"]
[TimeControl "180+1"]
[EndTime "11:21:50 PDT"]
[Termination "Game drawn - insufficient material"]

1. e4 e5 2. Nf3 Nc6 3. Bb5 f5 4. d3 fxe4 5. dxe4 Nf6 6. O-O Bc5 7. Qd3 d6 8. Nc3 O-O 9. Bg5 Be6 10. Bc4 Bxc4 11. Qxc4+ Kh8 12. Nd5 Ne7 13. Bxf6 gxf6 14. Nxe7 Qxe7 15. Nh4 Qf7 16. Qxf7 Rxf7 17. g3 Kg7 18.
Rad1 Kf8 19. Nf5 Ke8 20. Kg2 Kd7 21. Rd3 Rd8 22. Rfd1 a5 23. a4 Kc6 24. Kf3 Rfd7 25.
h4 Kb6 26. Rb3+ Kc6 27. Rc3 Kb6 28. Rcd3 c6 29. R1d2 Kc7 30. Kg4 d5 31. f3 d4 32.
Kh5 Bf8 33. g4 c5 34. b3 Kc6 35. g5 fxg5 36. hxg5 b5 37. axb5+ Kxb5 38. c4+ dxc3 39. Rxd7 Rxd7 40. Rxd7 c2 41. Rb7+ Kc6 42. Rf7 c1=Q 43.
Rxf8 Qc3 44. Ne7+ Kb7 45. Nd5 Qxb3 46. Kh6 c4 47. Kxh7 c3 48. g6 c2 49. Rf7+ Ka6 50.
Rc7 Qxf3 51. Rxc2 Qxe4 52. Rc6+ Kb7 53. Rd6 a4 54. Nc3 Qh4+ 55. Kg8 Qe7 56. Rb6+ Ka7 57.
Nxa4 Qe8+ 58. Kg7 Qxa4 59. Re6 Qd7+ 60. Kf6 Qd8+ 61. Re7+ Kb6 62. g7 Kc5 63. Kf7 e4 64. g8=Q Qxg8+ 65. Kxg8 Kd4 66. Kf7 e3 67. Kf6 Kd3 68.
Kf5 e2 69. Kf4 Kd2 70. Rd7+ Kc1 71. Re7 Kd1 72. Rd7+ Kc1 73. Re7 Kd1 74. Rxe2 Kxe2 1/2-1/2

[Event "*** SCC Grand Prix: Titled Tuesday Blitz"]
[Site "Chess.com"]
[Date "2020.06.02"]
[Round "7"]
[White "talman67"]
[Black "crazy_but_lazy"]
[Result "0-1"]
[WhiteElo "2543"]
[BlackElo "2411"]
[TimeControl "180+1"]
[EndTime "11:21:50 PDT"]
[Termination "crazy_but_lazy won by resignation"]

1. e4 e6 2. d4 d5 3. Nc3 Nf6 4.
Bg5 dxe4 5. Nxe4 Be7 6. Bxf6 gxf6 7. g3 b6 8. Bg2 c6 9. Ne2 Bb7 10. O-O Nd7 11. Nf4 Nf8 12. Re1 Ng6 13. Nh5 f5 14. Nc3 Qd7 15. Qd2 O-O-O 16. Ne2 c5 17. Bxb7+ Qxb7 18. Qc3 Rhg8 19. a4 Nh4 20. Nhf4 Nf3+ 21. Kf1 Nxh2+ 22.
Kg1 Nf3+ 23. Kf1 Nxe1 24. Rxe1 Bf6 25. Qb3 Bxd4 26. Nxd4 Rxd4 27. Kg1 Rxf4 28. Rxe6 Rh4 29. f3 Rd4 30. Kg2 Qc7 31. f4 fxe6 32. Qxe6+ Kb7 33.
Qxg8 Qd7 34. Kh3 Rd1 35. Kh4 Rh1+ 36. Kg5 h6+ 37. Kg6 Rd1 38. a5 Rd6+ 39. Kh5 bxa5 40. Qc4 Rc6 41. Qb5+ Kc7 42. Qxa5+ Kd6 43. Qc3 Qe6 44.
Qg7 Qe7 45. Qg8 Kc7 46. Qa8 Re6 47. Qxa7+ Kd6 48. Qb6+ Kd7 49. Qb5+ Kd8 50. Qb8+ Kd7 51. Qb5+ Kd6 52. Qb6+ Kd5 53. Qb3+ c4 54. Qb5+ Qc5 55. Qd7+ Rd6 56. Qe7 Kc6 57. Qe8+ Kb6 58. Qb8+ Kc6 59. Qc8+ Kd5 60. Qg8+ Ke4 61. Qe8+ Kf3 62. Qe1 Qf2 63. Qd1+ Rxd1 64. Kg6 Qxg3+ 65. Kxf5 Qxf4+ 66. Ke6 Rd6+ 0-1

[Event "*** SCC Grand Prix: Titled Tuesday Blitz"]
[Site "Chess.com"]
[Date "2020.06.02"]
[Round "7"]
[White "InitiatingASC"]
[Black "vinniethepooh"]
[Result "0-1"]
[WhiteElo "2406"]
[BlackElo "2590"]
[TimeControl "180+1"]
[EndTime "11:21:51 PDT"]
[Termination "vinniethepooh won on time"]

1. Nf3 d5 2. b3 Nf6 3. Bb2 Bf5 4. e3 e6 5. c4 h6 6. cxd5 exd5 7. Be2 Be7 8. O-O O-O 9. d3 Nbd7 10. Nbd2 Bh7 11. Rc1 c6 12. Qc2 Re8 13. Qb1 Bd6 14. Qa1 Qe7 15.
Rfe1 Nc5 16. Bxf6 gxf6 17. d4 Ne4 18. Nxe4 Bxe4 19. Nd2 Bg6 20. Nf1 Kh7 21. Ng3 Qe6 22. Bh5 Rg8 23. Bxg6+ fxg6 24. Qb1 f5 25. b4 a6 26. a4 h5 27. b5 axb5 28. axb5 h4 29. Nf1 Rg7 30. bxc6 bxc6 31. Qc2 Rc8 32. Qe2 c5 33. dxc5 Rxc5 34. Rxc5 Bxc5 35. Qf3 d4 36. Rd1 dxe3 37. Nxe3 Re7 38. Qd5 Bxe3 39. Qxe6 Rxe6 40.
fxe3 Rxe3 41. Kf2 Ra3 42. Rd4 g5 43. Rd6 Kg7 44. h3 g4 45. hxg4 fxg4 46. Rb6 Ra2+ 47. Kf1 g3 48. Rb4 Ra1+ 49. Ke2 Ra2+ 50. Kf1 Rf2+ 51.
Ke1 Rxg2 52. Rxh4 Kg6 53. Rg4+ Kf5 54. Rg8 Kf4 55. Rf8+ Kg4 56. Rg8+ Kf3 57. Rf8+ Ke3 58. Re8+ Kf4 59. Rf8+ Ke4 60. Re8+ Kf5 61. Rf8+ Kg6 62.
Rg8+ Kf7 63. Rg4 Kf6 64. Rg8 Rg1+ 65. Ke2 Kf5 66. Rf8+ Kg4 67. Rh8 Ra1 0-1

[Event "*** SCC Grand Prix: Titled Tuesday Blitz"]
[Site "Chess.com"]
[Date "2020.06.02"]
[Round "7"]
[White "vasblesk"]
[Black "freshfoodcompany"]
[Result "1-0"]
[WhiteElo "2408"]
[BlackElo "2209"]
[TimeControl "180+1"]
[EndTime "11:21:52 PDT"]
[Termination "vasblesk won by checkmate"]

1. e4 c5 2. Nf3 Nc6 3. Bb5 g6 4. Bxc6 dxc6 5. d3 Bg7 6. O-O Qc7 7. h3 e5 8. Be3 b6 9. a4 a5 10. Nbd2 Ne7 11. Nc4 Be6 12. b3 O-O 13. Ng5 Bd7 14.
f4 f6 15. Nf3 exf4 16. Bd2 Be6 17. Nh2 g5 18. Qh5 Bf7 19. Qf3 f5 20. e5 Bxc4 21. bxc4 Bxe5 22. Rae1 Bd4+ 23. Kh1 Ng6 24. Qh5 Bf6 25. Nf3 Qd8 26. Re6 Qd7 27. Rfe1 Rae8 28. Rxe8 Rxe8 29. Rxe8+ Qxe8 30. Nxg5 Qe7 31. Nf3 Qe6 32. Ng5 Qe7 33. Nf3 Qe6 34. Qh6 Bg7 35. Qxh7+ Kxh7 36. Ng5+ Kg8 37. Nxe6 Be5 38. Kg1 Kf7 39.
Ng5+ Kf6 40. Nf3 Bc7 41. Kf2 Bd6 42. Bc3+ Ke7 43. Ng5 Nh4 44. Nf3 Ng6 45. h4 Ke6 46. h5 Nf8 47. Ng5+ Kd7 48. h6 Be7 49. h7 Ng6 50. Nf7 Bh4+ 51. Kf3 b5 52. cxb5 cxb5 53.
axb5 a4 54. h8=Q Nxh8 55. Nxh8 a3 56. Ng6 Bd8 57. Nxf4 a2 58. Ne2 Ba5 59. Ba1 Kc7 60. Nc1 Kb6 61. c4 Bb4 62. Nxa2 Ba3 63. Bc3 Kb7 64.
Kf4 Kb6 65. Kxf5 Kb7 66. g4 Kb6 67. g5 Kb7 68. g6 Kb6 69. g7 Kb7 70. g8=Q Kb6 71.
Qb8# 1-0

[Event "*** SCC Grand Prix: Titled Tuesday Blitz"]
[Site "Chess.com"]
[Date "2020.06.02"]
[Round "7"]
[White "doons21"]
[Black "FightingChess"]
[Result "0-1"]
[WhiteElo "2478"]
[BlackElo "2381"]
[TimeControl "180+1"]
[EndTime "11:21:57 PDT"]
[Termination "FightingChess won on time"]

1. e4 e6 2. d3 d5 3. Nd2 Nf6 4. Ngf3 Bc5 5. Be2 dxe4 6. dxe4 e5 7. O-O Qe7 8. c3 a5 9. a4 Bg4 10. Qc2 Nbd7 11. Nc4 O-O 12. Bg5 Rfd8 13. Rad1 Bxf3 14. Bxf3 Nf8 15. Ne3 Bxe3 16. Bxe3 Ne6 17. g3 Rxd1 18. Rxd1 Rd8 19. Kg2 Rxd1 20. Bxd1 Qd6 21. f3 Nd7 22. Qd2 Qxd2+ 23. Bxd2 Kf8 24. Kf2 Ke7 25. Bc2 c5 26.
Be3 Kd6 27. Bd3 Nb8 28. Bb5 Nc6 29. f4 f6 30. h4 h6 31. h5 Nc7 32. Bc4 Ne6 33. Kf3 Ncd8 34. Kg4 Ke7 35. Bd5 b6 36. Kf3 Nf7 37. Ke2 Nd6 38. Kd3 Nc7 39. Bc6 Ne6 40. b4 cxb4 41. cxb4 axb4 42. f5 Nc5+ 43. Kc2 Ndxe4 44. g4 Kd6 45. Bb5 Kc7 46. Kb2 Nd6 47. Be2 Ndb7 48. Bd1 Na5 49. Kc1 Nc4 50. Bf2 b3 51. Be2 b2+ 52. Kb1 Nd2+ 53. Kxb2 Nde4 54. Be3 Nxa4+ 55. Kb3 Nac5+ 56. Kc4 Nd7 57. Kd5 Nc3+ 58.
Ke6 Nxe2 59. Kf7 b5 60. Kxg7 b4 61. Kxh6 b3 62. Kg6 b2 63. h6 b1=Q 64. h7 Nf4+ 65. Bxf4 exf4 66. h8=Q Qe4 67. Qg8 f3 68. Qb3 Qc6 69.
Qe3 Ne5+ 70. Kh5 Qe8+ 71. Kh4 Qh8+ 72. Kg3 Qh1 73. Qc5+ Nc6 74. Qe3 Qg2+ 75. Kf4 f2 0-1

[Event "*** SCC Grand Prix: Titled Tuesday Blitz"]
[Site "Chess.com"]
[Date "2020.06.02"]
[Round "7"]
[White "attack2mateU"]
[Black "Fighter008"]
[Result "1/2-1/2"]
[WhiteElo "2713"]
[BlackElo "2567"]
[TimeControl "180+1"]
[EndTime "11:21:58 PDT"]
[Termination "Game drawn - insufficient material"]

1. e4 c5 2. Nf3 e6 3. c3 d5 4.
exd5 Qxd5 5. d4 Nf6 6. Be2 Be7 7. O-O O-O 8. Be3 cxd4 9. cxd4 Nc6 10. Nc3 Qd8 11. a3 b6 12. Bd3 Bb7 13. Qe2 Rc8 14. Rad1 Nd5 15. Ne4 g6 16. Bh6 Re8 17. g3 Bf8 18.
Bxf8 Rxf8 19. h4 Kg7 20. Rfe1 Nce7 21. Neg5 Nf5 22. Ne5 Nf6 23. Bxf5 exf5 24. d5 Qd6 25. Qe3 Rc7 26. Qd4 Qxd5 27. Qxd5 Bxd5 28. Rd4 Rc2 29. Red1 h6 30. Nh3 Be4 31. f3 Bb7 32. R1d2 Rfc8 33. Kf2 R8c5 34. Nd7 Rc7 35. Nxf6 Kxf6 36. Nf4 Rxd2+ 37.
Rxd2 Kg7 38. Ne2 Re7 39. Nc3 Rc7 40. Rd6 Re7 41. a4 g5 42. h5 f4 43. gxf4 gxf4 44. Rd4 Re5 45. Rd7 Bc6 46. Rc7 Be8 47. Rxa7 Rxh5 48. Ke2 Rh2+ 49. Kd3 Rxb2 50. Ke4 Bc6+ 51. Kxf4 Rb3 52. Ne4 Rb4 53. Ke5 Bxe4 54. fxe4 h5 55. Kf4 h4 56. Kf3 h3 57. Kg3 Rb3+ 58. Kh2 Kf6 59. Rb7 Ke6 60. a5 Kd6 61. Rxb6+ Rxb6 62.
axb6 Kc6 63. Kxh3 Kxb6 64. Kg4 Kc6 65. Kf5 Kd7 66. Kf6 Ke8 67. e5 Kf8 68. e6 fxe6 69. Kxe6 1/2-1/2

[Event "*** SCC Grand Prix: Titled Tuesday Blitz"]
[Site "Chess.com"]
[Date "2020.06.02"]
[Round "7"]
[White "51616516516"]
[Black "IMDT02"]
[Result "1/2-1/2"]
[WhiteElo "2377"]
[BlackElo "2492"]
[TimeControl "180+1"]
[EndTime "11:21:58 PDT"]
[Termination "Game drawn - insufficient material"]

1. d4 Nf6 2. c4 e6 3. Nc3 d5 4. cxd5 exd5 5. Bg5 c6 6. Qc2 Bd6 7. Bxf6 Qxf6 8. Nxd5 Qxd4 9. Rd1 Bb4+ 10. Nc3 Bxc3+ 11. bxc3 Qf6 12. e3 O-O 13. Nf3 Bg4 14. Be2 Nd7 15.
O-O Nb6 16. c4 c5 17. a4 Rfd8 18. a5 Nd7 19. Qe4 Bxf3 20. Qxf3 Rab8 21. Qxf6 Nxf6 22. Bf3 b6 23. axb6 axb6 24. g3 g6 25. h4 h5 26.
Kg2 Kf8 27. Bc6 Ke7 28. Rxd8 Kxd8 29. Rd1+ Kc7 30. Bf3 b5 31. cxb5 Rxb5 32. Rc1 Kd6 33. Be2 Rb8 34. Bc4 Ke7 35. Rc2 Nd7 36. f4 Nf6 37. Bd3 Rd8 38. Be2 Nd7 39. Bf3 Rc8 40. e4 c4 41. e5 c3 42. Kf2 Nb6 43.
Ke2 Na4 44. Be4 Rc5 45. Kd3 Nb6 46. Rxc3 Rxc3+ 47. Kxc3 Nd7 48. Kd4 Nb6 49. Bd3 Nd7 50. Ke3 Nc5 51. Be4 Nb3 52. Bd3 Nc5 53. Be2 Ne6 54. Bf3 Ng7 55. Be4 Ne6 56. Kf3 Nc5 57.
Bc2 Nd7 58. g4 hxg4+ 59. Kxg4 Nf8 60. h5 gxh5+ 61. Kxh5 Ne6 62. Kg4 Nd4 63. Be4 Nb5 64. f5 Nc3 65. Kf4 f6 66. e6 Nb5 67. Bd5 Kd6 68.
Bc4 Nc7 69. Be2 Ke7 70. Bf3 Nxe6+ 71. fxe6 Kxe6 72. Bg4+ f5 73. Bxf5+ 1/2-1/2

[Event "*** SCC Grand Prix: Titled Tuesday Blitz"]
[Site "Chess.com"]
[Date "2020.06.02"]
[Round "7"]
[White "hongnhung1234"]
[Black "AshotParvanyan"]
[Result "0-1"]
[WhiteElo "2211"]
[BlackElo "2422"]
[TimeControl "180+1"]
[EndTime "11:21:58 PDT"]
[Termination "AshotParvanyan won by checkmate"]

1. e4 e6 2. d4 d5 3. Nc3 Bb4 4.
e5 Ne7 5. a3 Bxc3+ 6. bxc3 c5 7.
Qg4 Qc7 8. Qxg7 Rg8 9. Qxh7 cxd4 10. Ne2 Nbc6 11. f4 dxc3 12. Qd3 d4 13. Nxd4 Nxd4 14. Qxd4 Bd7 15. Rg1 Nf5 16. Qf2 Qc6 17. Bd3 Qd5 18.
Be3 Nxe3 19. Qxe3 Rxg2 20. Rxg2 Qxg2 21. Be4 Qxh2 22. O-O-O Bc6 23. Rh1 Qd2+ 24. Qxd2 cxd2+ 25. Kd1 O-O-O 26. Bxc6 bxc6 27. c3 Rd3 28. Kc2 Rf3 29.
Kxd2 Rxf4 30. Ke3 Rc4 31. Kd3 Rc5 32. Kd4 Rd5+ 33. Ke4 Kd7 34. Rb1 Kc7 35. Rf1 Rd7 36.
c4 Kb6 37. Rc1 Kc5 38. Ke3 Rb7 39. Rc3 Rb1 40. Kf4 Rf1+ 41. Ke4 Re1+ 42. Kf4 a5 43. Rc2 Rd1 44. Kg5 Rf1 45. Kh6 Rf5 46. Kg7 a4 47. Rc1 Rxe5 48. Kxf7 Re4 49. Kf6 Rxc4 50. Re1 Rc3 51.
Kxe6 Rxa3 52. Ke5 Ra2 53. Rc1+ Kb6 54. Kd4 Rb2 55. Kc3 Rb3+ 56. Kc4 Rb5 57. Ra1 Ra5 58. Kb4 a3 59. Rc1 a2 60. Ra1 Ra8 61. Kb3 Kb5 62. Kc3 c5 63. Kb3 c4+ 64. Kb2 Kb4 65. Kc2 Ra3 66. Kb2 Rb3+ 67. Kc2 Ka3 68. Rh1 Rb1 69.
Rh3+ Kb4 70. Rh8 a1=Q 71. Rb8+ Kc5 72. Rc8+ Kd4 73. Rd8+ Ke5 74. Re8+ Kd6 75. Rd8+ Ke7 76. Rd2 Qb2# 0-1

[Event "*** SCC Grand Prix: Titled Tuesday Blitz"]
[Site "Chess.com"]
[Date "2020.06.02"]
[Round "7"]
[White "Semen_Khanin"]
[Black "Radzio1987"]
[Result "0-1"]
[WhiteElo "2707"]
[BlackElo "2903"]
[TimeControl "180+1"]
[EndTime "11:22:01 PDT"]
[Termination "Radzio1987 won by resignation"]

1. e4 c6 2. d4 d5 3. Nd2 dxe4 4. Nxe4 Nd7 5. Ng5 Ngf6 6. Bd3 e6 7. N1f3 Bd6 8. Qe2 h6 9. Ne4 Nxe4 10. Qxe4 Qc7 11.
Bd2 b6 12. Qe2 Bb7 13. a4 c5 14. dxc5 Bxc5 15. a5 O-O 16. O-O Rad8 17. axb6 axb6 18. Bc3 Bd6 19. h3 Nc5 20. Bb5 Ne4 21. Bd4 Bc5 22.
c3 Nd6 23. Bxc5 Qxc5 24. Bd3 Rfe8 25. Rfe1 f6 26. b4 Qxc3 27. Rac1 Qxb4 28. Rc7 Qf4 29. Bg6 Bxf3 30. Qxf3 Qxf3 31. gxf3 Rc8 32. Rd7 Red8 33. Rxd8+ Rxd8 34. Rxe6 b5 35. Bc2 Kf7 36. Bb3 Kg6 37. Re7 Rc8 38. Rd7 Nf5 39. Bf7+ Kg5 40. Be6 Rc1+ 41.
Kh2 Rc5 42. Bxf5 Kxf5 43. Rxg7 h5 44. Rb7 Ke5 45. Kg3 Kd4 46. Kf4 Kc3 47. Rb6 b4 48. Rxf6 b3 49. Re6 b2 50. Re1 Kd2 51. Rb1 Kc2 52. Re1 b1=Q 53. Rxb1 Kxb1 54. Ke4 Kc2 55. f4 Kc3 56. f5 Kc4 57. f6 h4 58. f4 Rc8 59. Ke5 Kd3 60. f7 Ke3 61. f5 Rf8 62.
Ke6 Kf4 63. f6 Kg5 64. Ke7 Ra8 65. f8=Q Rxf8 66. Kxf8 Kxf6 67. Ke8 Ke6 68. Kf8 Ke5 69. Kf7 Kf4 70. Ke6 Kg3 71. Ke5 Kxh3 0-1

[Event "*** SCC Grand Prix: Titled Tuesday Blitz"]
[Site "Chess.com"]
[Date "2020.06.02"]
[Round "7"]
[White "Giraffe_Chess"]
[Black "Maksimus1998"]
[Result "0-1"]
[WhiteElo "2381"]
[BlackElo "2526"]
[TimeControl "180+1"]
[EndTime "11:22:05 PDT"]
[Termination "Maksimus1998 won by checkmate"]

1. d4 d5 2. Nf3 Nf6 3. c4 e6 4.
g3 dxc4 5. Bg2 Bb4+ 6. Nc3 Nc6 7. O-O O-O 8. a3 Be7 9. e4 Na5 10. Be3 a6 11. Qe2 b5 12. Rad1 Bb7 13. Ne5 Nb3 14.
f4 c5 15. dxc5 Qc7 16. c6 Bc8 17. g4 Bc5 18. g5 Ne8 19. Nd7 Bxd7 20. cxd7 Nd6 21. Kh1 Rad8 22. e5 Nf5 23. Bxc5 Nxc5 24. Be4 Rxd7 25. Bxf5 exf5 26. Nd5 Qb7 27. Qg2 Ne4 28.
Nf6+ Nxf6 29. gxf6 Qxg2+ 30. Kxg2 Rfd8 31. Rxd7 Rxd7 32. Kf3 gxf6 33. exf6 Rd6 34. Rg1+ Kh8 35. h4 Rxf6 36. h5 Rd6 37. Rg5 Rd3+ 38. Ke2 Rb3 39. Rxf5 Rxb2+ 40. Ke3 Kg7 41. h6+ Kxh6 42. Rf6+ Kg7 43. Rxa6 c3 44. Kd3 b4 45. axb4 Rxb4 46. f5 Rf4 47. Kxc3 Rxf5 48. Kd3 Re5 49. Kd4 f6 50. Ra7+ Kg6 51. Ra6 h5 52. Ra8 h4 53. Rg8+ Kf5 54. Rh8 Kg4 55.
Rg8+ Rg5 56. Rf8 h3 57. Rxf6 h2 58. Rf1 Kg3 59. Ra1 Kg2 60. Ra2+ Kh3 61. Ra3+ Rg3 62. Ra1 Rg1 63. Ra3+ Kg4 64. Ra8 h1=Q 65. Rg8+ Kf3 66. Rf8+ Ke2 67. Re8+ Kd2 68. Re4 Qxe4+ 69. Kxe4 Re1+ 70.
Kf5 Re3 71. Kg4 Kd3 72. Kg5 Ke4 73. Kg6 Rf3 74. Kh6 Rg3 75. Kh7 Kf5 76. Kh8 Kf6 77.
Kh7 Rg2 78. Kh8 Kf7 79. Kh7 Rh2# 0-1

[Event "*** SCC Grand Prix: Titled Tuesday Blitz"]
[Site "Chess.com"]
[Date "2020.06.02"]
[Round "7"]
[White "GMBenjaminBok"]
[Black "Chess_Boxer123"]
[Result "1-0"]
[WhiteElo "2903"]
[BlackElo "2707"]
[TimeControl "180+1"]
[EndTime "11:22:06 PDT"]
[Termination "GMBenjaminBok won by resignation"]

1. d4 d5 2. Nf3 Nf6 3. Bf4 c5 4. e3 Nc6 5. Nbd2 Qb6 6. dxc5 Qxb2 7. Rb1 Qc3 8. Bb5 g6 9. Ne5 Qxc5 10. c4 Bg7 11.
Qa4 O-O 12. Bxc6 bxc6 13. Nb3 Qb6 14. O-O Qa6 15. Qxc6 Qxc6 16. Nxc6 Re8 17. cxd5 Nxd5 18. Be5 Bxe5 19. Nxe5 f6 20. Nc6 Bd7 21. Nba5 Rec8 22.
Rfc1 Bxc6 23. Nxc6 Rc7 24. e4 Nf4 25. Kf1 Kg7 26. Nd4 Rxc1+ 27. Rxc1 Rd8 28. Nb3 Rd7 29. g3 Nd3 30. Rd1 Nc5 31. Rxd7 Nxd7 32. Ke2 Kf7 33.
Kd3 Ke6 34. f4 Kd6 35. Kc4 a6 36. Kb4 e5 37. Ka5 Nc5 38. Nxc5 Kxc5 39. Kxa6 Kd4 40. fxe5 fxe5 41. a4 Kxe4 42. a5 Kd3 43. Kb6 e4 44. a6 e3 45. a7 e2 46. a8=Q e1=Q 47. Qd5+ Kc2 48. Qc6+ Kd3 49. Qd7+ Ke3 50. Qxh7 Qb1+ 51. Kc6 Kf3 52. Kd6 Qf5 53. Ke7 Kg2 54. Qh4 g5 55.
Qh5 Qe5+ 56. Kf7 Qf5+ 57. Kg7 Qe5+ 58. Kg6 Qe4+ 59. Kxg5 Qe5+ 60. Kg6 Qe6+ 61. Kh7 Qe7+ 62. Kh6 Qf6+ 63. Qg6 Qh8+ 64. Kg5 Qe5+ 65. Qf5 Qg7+ 66. Kf4 Qh6+ 67. Qg5 Qd6+ 68. Kg4 Qe6+ 69. Qf5 Qg8+ 70. Kf4 Qc4+ 71. Qe4+ Qxe4+ 72. Kxe4 Kxh2 73. g4 Kg3 74. g5 Kh4 75. g6 Kg5 76. g7 Kf6 77. g8=Q Ke7 78. Qg6 1-0

[Event "*** SCC Grand Prix: Titled Tuesday Blitz"]
[Site "Chess.com"]
[Date "2020.06.02"]
[Round "7"]
[White "Ranindu2003"]
[Black "vovachesss"]
[Result "1/2-1/2"]
[WhiteElo "2485"]
[BlackElo "2643"]
[TimeControl "180+1"]
[EndTime "11:22:06 PDT"]
[Termination "Game drawn - insufficient material"]

1. e4 c6 2. Nc3 d5 3. Nf3 dxe4 4. Nxe4 Nf6 5. Qe2 Nxe4 6. Qxe4 g6 7. d4 Bg7 8. c3 O-O 9. Bf4 Nd7 10. Bc4 Nf6 11. Qe2 b5 12. Bb3 a5 13. O-O a4 14. Bc2 Be6 15.
b3 Nd5 16. Bd2 axb3 17. axb3 Qd6 18. c4 bxc4 19. bxc4 Nf4 20. Bxf4 Qxf4 21. Rxa8 Rxa8 22. Rd1 Ra2 23. Qe4 Qd6 24. Bb3 Rb2 25. c5 Qd7 26. Bxe6 fxe6 27. Ra1 Bf6 28. h4 Kg7 29. h5 gxh5 30. Re1 Qd5 31. Qxe6 Rb4 32. Qxd5 cxd5 33. Rc1 Rb7 34. c6 Rc7 35. Kf1 Kf7 36. Ke2 Ke6 37.
Kd3 Kd6 38. Rh1 Rxc6 39. Rxh5 Ra6 40. Rxh7 Ra3+ 41. Ke2 Ra2+ 42. Ke3 Ra3+ 43. Kf4 Ra2 44. Kg3 Ra3 45. Rh5 Bxd4 46. Kf4 Bxf2 47. Rh6+ e6 48. Kg4 Be3 49. Rg6 Ra4+ 50. Kh3 d4 51. Kg3 d3 52.
Rg8 Ra7 53. Rd8+ Rd7 54. Rxd7+ Kxd7 55. Ne5+ Kd6 56. Nxd3 Kd5 57. Kf3 Bb6 58. Ke2 Ke4 59. Ne1 Kf4 60. Nf3 Bd8 61. Nd4 Ke5 62. Nxe6 Kxe6 63.
g3 Kf5 64. g4+ Kg5 65. Kf3 Bc7 66. Kg2 Bb8 67. Kf1 Bc7 68. Ke2 Bb8 69. Kd3 Kxg4 1/2-1/2